 Dungeon Crawl Stone Soup version 0.24.0-28-g17ded55e90 (webtiles) character file.

Game seed: 7952415001106314582, levelgen mode: deterministic

4297 Delamore the Severer (level 10, -2/77 HPs)
             Began as a Hill Orc Monk on Nov 11, 2019.
             Was a Priest of Qazlal.
             Slain by Grum
             ... wielding a -1 spear
              (11 damage)
             ... on level 8 of the Dungeon.
             The game lasted 00:15:35 (8648 turns).

Delamore the Severer (Hill Orc Monk)                Turns: 8648, Time: 00:15:36

Health: -2/77      AC: 10    Str: 20    XL:     10   Next: 32%
Magic:  0/10       EV:  8    Int: 10    God:    Qazlal [***...]
Gold:   406        SH:  4    Dex: 13    Spells: 9/9 levels left

rFire    . . .     SeeInvis .   w - +2 war axe (flame)
rCold    . . .     Gourm    .   (no shield)
rNeg     . . .     Faith    .   l - +0 chain mail
rPois    .         Spirit   +   b - +0 hat
rElec    .         Reflect  .   p - scarf {Spirit}
rCorr    .         Harm     .   (no gloves)
MR       .....     Clarity  +   (no boots)
Stlth    ..........             (no amulet)
HPRegen  0.22/turn              (no ring)
MPRegen  0.12/turn              (no ring)

@: no status effects
A: molten scales 1, clarity, sense surroundings 1, strong 1
a: Upheaval, Elemental Force, Renounce Religion


You were on level 8 of the Dungeon.
You worshipped Qazlal.
Qazlal was most pleased with you.
You were not hungry.

You visited 2 branches of the dungeon, and saw 9 of its levels.
You also visited: Ossuary.

You collected 406 gold pieces.

Inventory:

Hand Weapons
 i - the +4 morningstar "Olaczih" {flame, rN+ Str+4 Int+4 Dex+2}
   (You found it on level 4 of the Dungeon)

   It has been specially enchanted to burn those struck by it, causing extra
   injury to most foes and up to half again as much damage against particularly
   susceptible opponents.
   It affects your strength (+4).
   It affects your intelligence (+4).
   It affects your dexterity (+2).
   It protects you from negative energy.
 w - a +2 war axe of flaming (weapon)
Missiles
 t - a throwing net (quivered)
Armour
 b - a +0 hat (worn)
 l - a +0 chain mail (worn)
 p - a scarf of spirit shield (worn)
Wands
 o - a wand of disintegration (12)
 y - a wand of clouds (2)
 z - a wand of flame (11)
Scrolls
 a - a scroll of enchant weapon
 e - 3 scrolls of teleportation
 h - 3 scrolls of enchant armour
 m - 2 scrolls of blinking
 n - 5 scrolls of remove curse
 q - a scroll of immolation
 r - 2 scrolls of identify
 x - 2 scrolls of fog
 C - a scroll of fear {unknown}
Potions
 d - a potion of degeneration
 f - 2 potions of agility {unknown}
 g - a potion of magic {unknown}
 j - 5 potions of curing
 k - 2 potions of flight
 s - a potion of lignification {unknown}
 u - a potion of invisibility {unknown}
 v - 2 potions of ambrosia {unknown}
 A - a potion of might
 B - a potion of heal wounds {unknown}
Comestibles
 c - 12 rations
 D - 4 chunks of flesh


   Skills:
 - Level 3.6 Fighting
 * Level 17.9 Axes
 - Level 2.4 Dodging
 - Level 1.5 Stealth


You had 9 spell levels left.
You didn't know any spells.
Your spell library contained the following spells:

 Spells                   Type           Power        Failure   Level  Hunger
 Animate Skeleton         Necr           N/A          99%         1    ##.....
 Apportation              Tloc           #.....       99%         1    ##.....
 Confusing Touch          Hex            #.....       99%         1    ##.....
 Summon Small Mammal      Summ           #...         99%         1    ##.....


Dungeon Overview and Level Annotations

Branches:
Dungeon (8/15)             Temple (1/1) D:5         Ossuary (visited)
   Lair: D:8-11

Altars:
Ashenzari
Cheibriados
Kikubaaqudgha
Qazlal
Ru
Sif Muna
Vehumet
Xom

Annotations:
D:8 Grum


Innate Abilities, Weirdness & Mutations

You are partially covered in molten scales. (AC +2)
You possess an exceptional clarity of mind.
You passively map a small area around you.
Your muscles are strong. (Str +2)


Message History

An open door, spattered with blood.
You closely miss Grum.
Grum is almost dead.
Grum hits you with a -1 spear.
* * * LOW HITPOINT WARNING * * *
You barely miss Grum.
Grum is almost dead.
You closely miss Grum.
Grum is almost dead.
You block Grum's attack.
You barely miss Grum.
Grum is almost dead.
Grum asks, "What kind of bones do Hill Orcs have?
My dogs are dying to find out."
Grum barely misses you.
Your chain mail prevents you from hitting Grum.
Grum is almost dead.
You hit Grum. You burn Grum.
Grum is almost dead.
Grum hits you with a -1 spear!
You die...

.........#...........#
#...........# ,
#...........#
#...........# ,
#...........# * *
#....##.....#
##....##.....#
#......g.....# ,
#......#@....# ,
##.....#°§...#
#.†...#.....#
........#.....#
?.........#.....#
..........#.....#
...##.....#.....# ...
#.....#.....# ..
,.....## ,


You could see Grum.

Vanquished Creatures
  A two-headed ogre (D:7)
  2 wraiths (Ossuary)
  A hungry ghost (D:7)
  A water moccasin (D:5)
  Duvessa (D:6)
  An orc warrior (D:6)
  An ice beast (D:5)
  2 sky beasts
  A phantom (D:6)
  4 ogres
  4 wolves (D:8)
  Blork the orc (D:6)
  A big kobold (D:7)
  3 bullfrogs
  Dowan (D:6)
  3 scorpions
  3 wights (Ossuary)
  2 crimson imps
  A quasit (D:7)
  2 centaur zombies
  3 hounds (D:7)
  5 jellies
  6 orc wizards
  A gnoll shaman (D:6)
  3 orc priests
  A centaur skeleton (D:4)
  3 iguanas
  9 worker ants
  2 hound skeletons (D:8)
  A howler monkey skeleton (D:5)
  3 gnolls (D:6)
  7 adders
  A shadow imp (D:7)
  3 oozes
  An adder zombie (Ossuary)
  An adder skeleton (D:7)
  A dart slug (D:2)
  A worm (D:3)
  4 leopard geckos
  17 orcs
  7 giant cockroaches
  2 goblins
  5 hobgoblins
  6 jackals
  15 kobolds
  4 quokkas
  11 bats
  8 frilled lizards
  A hobgoblin skeleton (Ossuary)
  A hobgoblin zombie (Ossuary)
  A kobold zombie (Ossuary)
  2 orc skeletons (Ossuary)
  2 quokka zombies
  9 rats
183 creatures vanquished.

Vanquished Creatures (others)
  A human (D:2)
1 creature vanquished.

Grand Total: 184 creatures vanquished

Notes
Turn   | Place    | Note
-------+----------+-------------------------------------------
     0 | D:1      | Delamore the Hill Orc Monk began the quest for the Orb.
     0 | D:1      | Reached XP level 1. HP: 19/19 MP: 1/1
    80 | D:1      | Reached XP level 2. HP: 21/26 MP: 2/2
   254 | D:1      | Reached skill level 5 in Axes
   659 | D:1      | Reached XP level 3. HP: 23/31 MP: 3/3
  1005 | D:2      | Reached skill level 6 in Axes
  1460 | D:2      | Found an ancient bone altar of Kikubaaqudgha.
  1460 | D:2      | Noticed a human
  1465 | D:2      | Killed a human
  1553 | D:2      | Reached XP level 4. HP: 32/39 MP: 2/4
  1937 | D:3      | You fall into a shaft and drop 2 floors!
  1937 | D:5      | Entered Level 5 of the Dungeon
  2182 | D:4      | Found a shimmering altar of Xom.
  2373 | D:3      | Reached skill level 7 in Axes
  2494 | D:3      | Reached XP level 5. HP: 33/45 MP: 3/5
  2996 | D:3      | Reached skill level 8 in Axes
  3352 | D:3      | Reached XP level 6. HP: 5/51 MP: 0/6
  3706 | D:4      | Reached skill level 9 in Axes
  3712 | D:4      | Got an ancient morningstar
  3736 | D:3      | Identified the +4 morningstar "Olaczih" {flame, rN+ Str+4
                  | Int+4 Dex+2} (You found it on level 4 of the Dungeon)
  4128 | D:4      | Reached skill level 10 in Axes
  4128 | D:4      | Reached XP level 7. HP: 47/57 MP: 7/7
  4270 | D:4      | Found a snail-covered altar of Cheibriados.
  4440 | D:5      | Found a staircase to the Ecumenical Temple.
  4446 | Temple   | Entered the Ecumenical Temple
  4507 | Temple   | Became a worshipper of Qazlal Stormbringer
  4507 | Temple   | Reached * piety under Qazlal
  4507 | Temple   | Reached ** piety under Qazlal
  4640 | D:5      | Reached skill level 11 in Axes
  5292 | D:5      | Reached skill level 12 in Axes
  5292 | D:5      | Reached XP level 8. HP: 34/64 MP: 4/8
  5745 | D:6      | Noticed Dowan
  5746 | D:6      | Noticed Duvessa
  5763 | D:6      | Killed Duvessa
  5766 | D:6      | Killed Dowan
  6032 | D:6      | Reached skill level 13 in Axes
  6685 | D:6      | Reached skill level 14 in Axes
  6853 | D:6      | Reached XP level 9. HP: 62/70 MP: 7/9
  6873 | D:6      | Noticed Blork the orc
  6877 | D:6      | Killed Blork the orc
  7124 | D:7      | Found a sand-covered staircase.
  7135 | D:7      | Noticed a two-headed ogre
  7138 | D:7      | Reached skill level 15 in Axes
  7150 | D:7      | Killed a two-headed ogre
  7150 | D:7      | Reached skill level 16 in Axes
  7166 | Ossuary  | Entered an ossuary
  7465 | Ossuary  | Reached *** piety under Qazlal
  7634 | Ossuary  | Gained mutation: You possess an exceptional clarity of
                  | mind. [potion of mutation]
  7634 | Ossuary  | Gained mutation: You have a pair of small horns on your
                  | head. [potion of mutation]
  7634 | Ossuary  | Gained mutation: You occasionally shout uncontrollably at
                  | your foes. [potion of mutation]
  7634 | Ossuary  | Gained mutation: Your spells are a little harder to cast,
                  | but a little more powerful. [potion of mutation]
  7635 | Ossuary  | Lost mutation: You have a pair of small horns on your head.
                  | [potion of mutation]
  7635 | Ossuary  | Lost mutation: Your spells are a little harder to cast, but
                  | a little more powerful. [potion of mutation]
  7635 | Ossuary  | Gained mutation: You have a pair of small horns on your
                  | head. [potion of mutation]
  7635 | Ossuary  | Gained mutation: You are weak. (Str -2) [potion of
                  | mutation]
  7635 | Ossuary  | Gained mutation: You are partially covered in molten
                  | scales. (AC +2) [potion of mutation]
  7636 | Ossuary  | Lost mutation: You are weak. (Str -2) [potion of mutation]
  7636 | Ossuary  | Lost mutation: You have a pair of small horns on your head.
                  | [potion of mutation]
  7636 | Ossuary  | Lost mutation: You occasionally shout uncontrollably at
                  | your foes. [potion of mutation]
  7636 | Ossuary  | Gained mutation: You passively map a small area around you.
                  | [potion of mutation]
  7636 | Ossuary  | Gained mutation: Your muscles are strong. (Str +2) [potion
                  | of mutation]
  7655 | D:7      | Found a shattered altar of Ashenzari.
  7787 | D:7      | Reached skill level 17 in Axes
  7787 | D:7      | Reached XP level 10. HP: 72/77 MP: 10/10
  8611 | D:8      | Noticed Grum
  8648 | D:8      | Slain by Grum

Levels and vault maps discovered:
D:1:      dpeg_arrival_refuge, layout_basic
D:2:      layout_loops_corners, tgw_kikubaaqudgha
D:3:      layout_rooms, dk_noncrumbling_3
D:4:      layout_cave_pools, marbit_many_paths, corexii_leaking_fountain,
          dk_xom_monty_hall
D:5:      layout_layer_cave, minmay_temple_entry_proselytizer, first_ration
D:6:      layout_gridville, uniq_duvessa, uniq_blork_the_orc
D:7:      layout_basic, ashenzari_altar_1, enter_ossuary_3, grunt_ogre_cave
D:8:      layout_gridville, makhleb_blood_cavern_becter,
          grunt_temple_overflow_open, uniq_grum
Temple:   minmay_temple_curvy_branch

Skill      XL: |  1  2  3  4  5  6  7  8  9 |
---------------+----------------------------+-----
Axes           | 5 6 7 8 10 12 14 17 | 17.9
Fighting       | |  3.6
Dodging        | |  2.4
Stealth        | |  1.5

Action                   |  1- 3 |  4- 6 |  7- 9 | 10-12 || total
-------------------------+-------+-------+-------+-------++-------
Melee: Hand axe          |   127 |   235 |       |       ||   362
       Morningstar       |       |    24 |   118 |       ||   142
       War axe           |       |       |   102 |    98 ||   200
Invok: Upheaval          |       |       |     1 |       ||     1
  Use: Potion            |     1 |     4 |     3 |       ||     8
       Scroll            |       |     6 |     4 |       ||    10
 Stab: Sleeping          |     5 |       |       |       ||     5
  Eat: Chunk             |     2 |     9 |     6 |     4 ||    21
       Ration            |       |       |     2 |       ||     2
Armor: Robe              |    26 |       |       |       ||    26
       Chain mail        |    10 |   140 |    84 |    36 ||   270
Dodge: Dodged            |    89 |   100 |    66 |    24 ||   279
Block: Other             |       |       |    20 |    12 ||    32
